[Event "*** Titled Tuesday Blitz"]
[Site "Chess.com"]
[Date "2020.05.26"]
[Round "2"]
[White "chessdjw"]
[Black "enzovsky"]
[Result "1-0"]
[WhiteElo "2700"]
[BlackElo "2305"]
[TimeControl "180+1"]
[EndTime "10:18:30 PDT"]
[Termination "chessdjw won on time"]

1. e4 c5 2. Nf3 d6 3. Bb5+ Bd7 4. c4 g6 5. d4 cxd4 6. Nxd4 Bg7 7. Nc3 Nf6 8. Be3 O-O 9. Bxd7 Qxd7 10. f3 Nc6 11. O-O Rfc8 12. b3 Qd8 13. Qd2 Qa5 14. Rfd1 Nd7 15.
Rac1 a6 16. Nxc6 bxc6 17. Na4 Qxd2 18. Rxd2 c5 19. Rcd1 Rcb8 20. h3 Nb6 21. Nxb6 Rxb6 22. f4 a5 23. e5 dxe5 24. Bxc5 Rbb8 25. fxe5 Bxe5 26. Bxe7 a4 27. Rd8+ Kg7 28. Bf8+ Kf6 29. Rf1+ Ke6 30. Rxb8 Rxb8 31. Bc5 axb3 32. axb3 Rxb3 33.
Rc1 Rd3 34. Kf1 Rd2 35. Be3 Rd3 36. Ke2 Rc3 37. Rxc3 Bxc3 38. Kd3 Be5 39. Bd4 Bc7 40. Bg7 f5 41. Kd4 Bg3 42. c5 Kd7 43. Kd5 h5 44.
Be5 Bf2 45. c6+ Kc8 46. Ke6 Be3 47. Kf6 g5 48. Kxf5 h4 49. Bf6 Kc7 50. Bxg5 Bd4 51.
Bxh4 Kxc6 52. Bf6 Be3 53. Ke6 Kc7 54. g4 1-0

[Event "*** Titled Tuesday Blitz"]
[Site "Chess.com"]
[Date "2020.05.26"]
[Round "2"]
[White "CyberdelChess"]
[Black "Nafania1"]
[Result "1-0"]
[WhiteElo "2283"]
[BlackElo "2438"]
[TimeControl "180+1"]
[EndTime "10:18:30 PDT"]
[Termination "CyberdelChess won on time"]

1. e4 e6 2. d4 d5 3. Nc3 h6 4. Nf3 Nf6 5. Bd3 Bb4 6. e5 Ne4 7.
Bd2 Nxd2 8. Qxd2 c5 9. a3 Qa5 10. O-O Bxc3 11. Qxc3 Qxc3 12. bxc3 c4 13. Be2 Bd7 14.
a4 b6 15. a5 b5 16. Nd2 Nc6 17. f4 b4 18. Nf3 bxc3 19. Ra3 Rb8 20. Rfa1 O-O 21. Rxc3 Rb2 22. Kf2 Rfb8 23. Ke3 R8b5 24. a6 Nb4 25. Kd2 Rb6 26. Kc1 Nxa6 27. Rca3 Nb8 28.
Rxa7 Rb7 29. Rxb7 Rxb7 30. Rb1 Rxb1+ 31. Kxb1 Ba4 32. c3 Nc6 33. Kb2 f6 34. Nd2 fxe5 35. fxe5 Kf7 36. Bh5+ Ke7 37. h4 Na7 38. Ka3 Bc2 39.
Kb4 Nc6+ 40. Kc5 Nd8 41. Bg4 Nf7 42. Nf1 Be4 43. Ne3 Nh8 44. g3 Ng6 45. Bd1 Nf8 46. Bh5 Nd7+ 47. Kc6 g5 48. hxg5 hxg5 49. Kb5 Nf8 50. Kc5 Ng6 51. Bxg6 Bxg6 52. Kb4 Be4 53.
Kc5 Bf3 54. Nc2 Be4 55. Nb4 Bf3 56. Nc6+ Kd7 57. Na7 1-0

[Event "*** Titled Tuesday Blitz"]
[Site "Chess.com"]
[Date "2020.05.26"]
[Round "2"]
[White "AnthonyWirig"]
[Black "Xtrmntr78"]
[Result "1-0"]
[WhiteElo "2682"]
[BlackElo "2429"]
[TimeControl "180+1"]
[EndTime "10:18:33 PDT"]
[Termination "AnthonyWirig won on time"]

1. d4 f5 2. g3 Nf6 3. Bg2 e6 4. Nf3 d5 5. c4 Bd6 6. O-O O-O 7. Nc3 c6 8. Qc2 b6 9. cxd5 exd5 10. Bf4 Ne4 11. Bxd6 Qxd6 12. Rac1 Nd7 13. e3 h6 14. Rfd1 Bb7 15. a3 a5 16. Ne2 g5 17. Nc3 Kg7 18. Qb3 b5 19. Qc2 Rac8 20. Ne1 Rce8 21. Nd3 Rf6 22. Rf1 h5 23. Nxe4 fxe4 24. Nc5 Bc8 25.
f4 exf3 26. Rxf3 Rxf3 27. Bxf3 g4 28. Bg2 Rxe3 29. Nd3 Qf6 30. Nf4 Qxd4 31. Qg6+ Kf8 32. Kh1 Ne5 33. Qf6+ Ke8 34. Rf1 Nf3 35. Qg6+ Kd8 36.
Qd6+ Bd7 37. Qb8+ Ke7 38. Qg8 Qc4 39. Ng6+ Kd6 40. Qf8+ Kc7 41. Qf7 Qc2 42. Nf8 Kb6 43. Qxd7 Re1 44. Qd8+ Ka6 45. Qc8+ Kb6 46. Qb8+ Ka6 47.
Qc8+ Kb6 48. Rxe1 Nxe1 49. Qd8+ Ka6 50. Qc8+ Kb6 51. Nd7+ Ka7 52. Qb8+ 1-0

[Event "*** Titled Tuesday Blitz"]
[Site "Chess.com"]
[Date "2020.05.26"]
[Round "2"]
[White "freshfoodcompany"]
[Black "hectorfiori"]
[Result "1-0"]
[WhiteElo "2220"]
[BlackElo "2414"]
[TimeControl "180+1"]
[EndTime "10:18:33 PDT"]
[Termination "freshfoodcompany won by resignation"]

1. d4 Nf6 2. c4 c5 3. d5 e6 4. Nc3 exd5 5. cxd5 d6 6. Bf4 a6 7. a4 g6 8. h3 Bg7 9. e3 O-O 10. Nf3 Qc7 11. Bc4 Nbd7 12. O-O Rb8 13. a5 Re8 14.
Qc2 b5 15. axb6 Nxb6 16. Bxa6 Nbxd5 17. Nb5 Rxb5 18. Bxb5 Rd8 19. Bh2 Nb4 20. Qe2 Qb6 21.
Rfc1 Bf5 22. Nh4 Be4 23. f3 Bb7 24. Bc4 Re8 25. Qf2 Nfd5 26. Re1 Nxe3 27. Kh1 Bd4 28. Bf4 d5 29. Bxe3 dxc4 30. Bxd4 Rxe1+ 31. Rxe1 cxd4 32. Re8+ Kg7 33. Qg3 Qf6 34. Qe5 Qxe5 35.
Rxe5 d3 36. Re1 Bc6 37. f4 Ba4 38. Nf3 Nd5 39. Nd2 Nb6 40. Re4 Bb5 41. Rd4 Kf6 42.
Rd6+ Ke7 43. Rxb6 Bd7 44. Rb7 Kd6 45. Nxc4+ Kc6 46. Rb8 Be6 47. Rh8 Kd5 48. Ne3+ Kd4 49. Nd1 Ke4 50. Rd8 Bc4 51. Kg1 Kxf4 52. Kf2 Ke4 53. Nc3+ Kf5 54. Ke3 h5 55. Rd7 Be6 56. Rd4 g5 57. Rxd3 1-0

[Event "*** Titled Tuesday Blitz"]
[Site "Chess.com"]
[Date "2020.05.26"]
[Round "2"]
[White "Grineva_Marianna"]
[Black "binbin239"]
[Result "0-1"]
[WhiteElo "2121"]
[BlackElo "2403"]
[TimeControl "180+1"]
[EndTime "10:18:33 PDT"]
[Termination "binbin239 won by resignation"]

1. d4 Nf6 2. c4 g6 3. Nc3 d5 4. Bf4 Bg7 5. Nf3 O-O 6. Rc1 dxc4 7. e4 c5 8. d5 Qb6 9. Qc2 e6 10. Bxc4 exd5 11. exd5 Re8+ 12. Be3 Bf5 13. Qb3 Ng4 14. Qxb6 axb6 15. Kd2 Nxe3 16. fxe3 Nd7 17. Rhe1 Nf6 18.
Bd3 Rad8 19. e4 Bh6+ 20. Kc2 Bxc1 21. Kxc1 Bg4 22. h3 Bd7 23. Kc2 Nh5 24. Ne2 c4 25. Bxc4 Rxe4 26. Bd3 Re3 27. Kd2 Rde8 28. g4 Rxf3 29. gxh5 Rxh3 30. hxg6 hxg6 31. Rc1 Rxd3+ 32. Kxd3 Bb5+ 33. Kd4 Rxe2 34. Rc7 Rxb2 35. Rxb7 Rxa2 36. Rxb6 Be8 37. Rb8 Kf8 38. d6 Rd2+ 39. Ke5 g5 40. Ra8 g4 41. Kf4 Rd4+ 42. Ke5 Rd1 43. Kf4 Rxd6 44.
Kxg4 Re6 45. Kf5 Kg7 46. Ra7 Re1 47. Kf4 Kg6 48. Ra6+ f6 49. Ra8 Bf7 50. Ra7 Rf1+ 51. Kg3 Be6 52. Ra6 Re1 53. Ra8 Re5 54. Kf4 Bd5 55.
Rf8 Re4+ 56. Kg3 f5 57. Kf2 Kg5 58. Rd8 Rd4 59. Rd7 Kf4 60. Rg7 Rd2+ 61. Ke1 Rh2 62. Rd7 Be4 63. Rg7 Ke3 64. Rg3+ Bf3 65. Rg1 Re2+ 66. Kf1 Rd2 0-1

[Event "*** Titled Tuesday Blitz"]
[Site "Chess.com"]
[Date "2020.05.26"]
[Round "2"]
[White "semchik73"]
[Black "etesungam"]
[Result "1-0"]
[WhiteElo "2202"]
[BlackElo "2403"]
[TimeControl "180+1"]
[EndTime "10:18:34 PDT"]
[Termination "semchik73 won on time"]

1. Nf3 Nf6 2. c4 g6 3. Nc3 d5 4. d4 Bg7 5. Qb3 c6 6. Bg5 O-O 7. Bxf6 exf6 8. cxd5 cxd5 9. Qxd5 Nc6 10. Qxd8 Rxd8 11.
e3 f5 12. Bc4 Na5 13. Be2 f4 14. O-O fxe3 15. fxe3 Bh6 16. Kf2 Re8 17. e4 Bd7 18. Nd5 Bg7 19. Nc7 f5 20. Nxa8 fxe4 21. Ne5 Bxe5 22.
dxe5 Rxa8 23. Ke3 Re8 24. Kxe4 Bc6+ 25. Kf4 Bxg2 26. Rfe1 Kg7 27. Bb5 Rf8+ 28. Kg3 Bc6 29. Bxc6 Nxc6 30. e6 Re8 31. Rad1 Kf6 32. Rd7 Ne5 33.
Rxb7 Rxe6 34. Rxa7 Rb6 35. b3 Rc6 36. Re3 h5 37. h4 Ng4 38. Rf3+ Ke5 39. Ra5+ Ke6 40.
Rg5 Ke7 41. Rxg4 hxg4 42. Kxg4 Rc5 43. a4 Ra5 44. Rf4 Ke6 45. Rb4 Rd5 46. Rb5 Rd4+ 47. Kg5 Kd6 48. a5 Kc6 49. Rb6+ Kc7 50. Rxg6 Rb4 51.
Rb6 Rd4 52. h5 Rd5+ 53. Kg6 Rxa5 54. Rf6 Ra1 55. h6 Rh1 56. h7 Kd7 57. Rf8 Rg1+ 58. Kh6 Rh1+ 59. Kg7 Rg1+ 60. Kh8 Ke7 61. Rb8 Rg2 62.
Rb7+ Kf8 63. Rb8+ Kf7 64. b4 Rb2 65. b5 Rb1 66. b6 Rb2 67. Rb7+ Kf8 68. Rb8+ Kf7 69.
b7 Rb1 70. Rg8 1-0

[Event "*** Titled Tuesday Blitz"]
[Site "Chess.com"]
[Date "2020.05.26"]
[Round "2"]
[White "Savagelittlemole"]
[Black "gena217"]
[Result "0-1"]
[WhiteElo "2539"]
[BlackElo "2841"]
[TimeControl "180+1"]
[EndTime "10:18:37 PDT"]
[Termination "gena217 won by checkmate"]

1. e4 c6 2. d4 d5 3. e5 Bf5 4. h4 h6 5. c4 e6 6. Nc3 Ne7 7. Nge2 Nd7 8. Ng3 Bh7 9. cxd5 Nxd5 10. Bd3 Bxd3 11. Qxd3 Nxc3 12. bxc3 Nxe5 13. Qe2 Nd7 14. O-O Qxh4 15. Rb1 b5 16. d5 cxd5 17. Qxb5 Qd8 18. Qa4 Be7 19. Rb7 Qc8 20. Rb1 O-O 21. Be3 Bc5 22.
Bxc5 Nxc5 23. Qg4 Qd8 24. f4 Ne4 25. Nxe4 dxe4 26. f5 exf5 27. Rxf5 Rc8 28. Qxe4 Rxc3 29. Rbf1 Qb6+ 30. Kh1 Qc6 31. Qg4 Rc5 32. Rf6 Qb5 33. R6f5 Rxf5 34. Qxf5 Qxf5 35. Rxf5 Rb8 36. Rc5 Rb7 37.
Kh2 g5 38. Kg3 Kg7 39. Kg4 Kg6 40. Rc6+ f6 41. g3 h5+ 42. Kh3 Rb6 43. Rc7 Ra6 44. Rc2 Ra3 45. Kh2 g4 46. Rb2 Kg5 47.
Kg2 f5 48. Rc2 h4 49. gxh4+ Kxh4 50. Kf2 f4 51. Kg2 f3+ 52. Kg1 g3 53. Rc4+ Kh3 54.
Rc8 Rxa2 55. Rh8+ Kg4 56. Rg8+ Kf4 57. Rf8+ Ke4 58. Re8+ Kd5 59. Rd8+ Ke6 60. Re8+ Kd7 61. Rf8 Ra1# 0-1

[Event "*** Titled Tuesday Blitz"]
[Site "Chess.com"]
[Date "2020.05.26"]
[Round "2"]
[White "volcanoexplorer"]
[Black "Maghalashvili"]
[Result "1-0"]
[WhiteElo "2533"]
[BlackElo "2789"]
[TimeControl "180+1"]
[EndTime "10:18:37 PDT"]
[Termination "volcanoexplorer won on time"]

1. e4 c5 2. Nf3 d6 3. d4 cxd4 4.
Nxd4 Nf6 5. Nc3 a6 6. h3 e5 7. Nde2 Be6 8. g4 Be7 9. Bg2 h5 10. g5 Nfd7 11. h4 Nc6 12. Be3 b5 13. a4 b4 14. Nd5 a5 15. Qd2 Rc8 16. b3 O-O 17.
O-O g6 18. Rad1 Bxd5 19. exd5 Ncb8 20. Ng3 Qc7 21. Be4 Nc5 22. Bxc5 Qxc5 23. Qe2 Kg7 24.
Kg2 Nd7 25. Nxh5+ gxh5 26. Qxh5 Rh8 27. Qg4 Nf8 28. h5 Nh7 29. h6+ Kf8 30. g6 fxg6 31. Bxg6 Rg8 32. Qe6 Rxg6+ 33. Qxg6 Nf6 34. Qg7+ Ke8 35.
h7 Nxh7 36. Qxh7 Qxc2 37. Qxc2 Rxc2 38. Rd3 Kd7 39. Kf3 Bg5 40. Rg1 Bf4 41. Rg7+ Kc8 42. Ra7 Rc3 43. Ke2 Rc2+ 44. Kd1 Rc5 45. Rg7 Kb8 46.
Rh3 Rxd5+ 47. Ke2 Rc5 48. Rh8+ Rc8 49. Rxc8+ Kxc8 50. Ra7 Kb8 51. Rxa5 Kc7 52. Kd3 d5 53. Rxd5 Kc6 54. Kc4 e4 55. Rd4 Bd6 56. Rxe4 1-0

[Event "*** Titled Tuesday Blitz"]
[Site "Chess.com"]
[Date "2020.05.26"]
[Round "2"]
[White "zajka-molotok"]
[Black "Funo09"]
[Result "1-0"]
[WhiteElo "2355"]
[BlackElo "2676"]
[TimeControl "180+1"]
[EndTime "10:18:38 PDT"]
[Termination "zajka-molotok won by checkmate"]

1. d4 Nf6 2. c4 Nc6 3. Nc3 e5 4. d5 Ne7 5. e4 Ng6 6. Be3 Bb4 7.
Bd3 Bxc3+ 8. bxc3 d6 9. h3 b6 10. Ne2 O-O 11. O-O Nd7 12. a4 a5 13. Ng3 Nc5 14. Nf5 Ne7 15. Nxe7+ Qxe7 16. Qc2 Bd7 17.
Rfb1 Nxd3 18. Qxd3 f5 19. f3 f4 20. Bf2 g5 21. c5 bxc5 22. Rb7 Bc8 23. Rb2 Ba6 24. Qd2 Rfb8 25. Rab1 Qe8 26. Qc2 Kg7 27. Be1 h5 28. c4 Rb4 29. Bxb4 axb4 30. a5 Qg6 31. Kf2 g4 32. hxg4 hxg4 33. Rh1 gxf3 34. gxf3 Qg3+ 35. Kf1 Rg8 36. Rg1 Kf6 37. Rxg3 Rxg3 38.
Kf2 Rh3 39. Kg2 Rg3+ 40. Kf2 Rh3 41. Qc1 Rh2+ 42. Kg1 Rh3 43. Rf2 Rg3+ 44. Kf1 Rh3 45. Ke2 Rh8 46. Rg2 Kf7 47. Kd3 Rh3 48. Qg1 Rxf3+ 49. Kd2 Rg3 50. Rxg3 fxg3 51. Qxg3 Bxc4 52. Qf3+ Ke7 53. Kc2 Bb5 54. Kb2 c4 55. Qh5 Ba4 56. a6 c3+ 57. Kc1 b3 58. Qg5+ Kd7 59. Qg7+ Kc8 60.
Qg8+ Kd7 61. a7 b2+ 62. Kb1 Bb5 63. Qg7+ Kc8 64. a8=Q# 1-0

[Event "*** Titled Tuesday Blitz"]
[Site "Chess.com"]
[Date "2020.05.26"]
[Round "2"]
[White "Misticpikachu"]
[Black "Superfelix"]
[Result "0-1"]
[WhiteElo "2220"]
[BlackElo "2444"]
[TimeControl "180+1"]
[EndTime "10:18:38 PDT"]
[Termination "Superfelix won by checkmate"]

1. c4 Nf6 2. Nc3 g6 3. e4 Bg7 4. d4 d6 5. h3 Nc6 6. Be3 e5 7. d5 Ne7 8. g4 Nd7 9. Nge2 f5 10. gxf5 gxf5 11. exf5 Nxf5 12. Rg1 Nxe3 13. fxe3 Qh4+ 14. Kd2 O-O 15. Ng3 Rf2+ 16. Ke1 Rxb2 17. Qh5 Bf6 18. Kd1 Kf8 19. Qxh4 Bxh4 20. Nf5 Bf6 21. Ne4 Nc5 22. Nxf6 Bxf5 23. Rg8+ Kf7 24. Rxa8 Kxf6 25. Rf8+ Kg6 26.
Be2 Ne4 27. Bh5+ Kg5 28. h4+ Kxh5 29. Rxf5+ Kxh4 30. Rf7 h5 31. Rxc7 Kg3 32. Rg7+ Kf3 33.
Rh7 Rh2 34. Rc1 Kxe3 35. c5 Kd3 36. Rc3+ Nxc3+ 37. Ke1 Ne4 38. Kf1 Nxc5 39. Rd7 Ne4 40. Kg1 Rxa2 41. Rh7 b5 42. Rc7 b4 43. Rb7 Kc3 44.
Rg7 b3 45. Rg3+ Kc4 46. Re3 b2 47. Rxe4+ Kc3 48. Kh2 b1=Q+ 49. Kg3 Qxe4 50. Kh3 Qg4# 0-1

[Event "*** Titled Tuesday Blitz"]
[Site "Chess.com"]
[Date "2020.05.26"]
[Round "2"]
[White "Sadykov_Ramil"]
[Black "Gabrielian_Artur"]
[Result "0-1"]
[WhiteElo "2499"]
[BlackElo "2754"]
[TimeControl "180+1"]
[EndTime "10:18:39 PDT"]
[Termination "Gabrielian_Artur won by resignation"]

1. e4 c5 2. Nf3 d6 3. d4 cxd4 4. Nxd4 Nf6 5. Nc3 Nc6 6. Bc4 Qb6 7. Nb3 e6 8. Bf4 Ne5 9. Be2 Be7 10. g4 O-O 11. g5 Nfd7 12. Be3 Qc7 13. f4 Nc4 14.
Bxc4 Qxc4 15. Qd3 Qxd3 16. cxd3 b6 17. Ke2 Ba6 18. a4 Nc5 19. Nc1 d5 20. exd5 exd5 21. b4 d4 22. Bxd4 Ne6 23. Be3 Bxb4 24. N1a2 Bd6 25.
Ne4 Bxf4 26. Nb4 Bb7 27. Bxf4 Nxf4+ 28. Ke3 Nd5+ 29. Nxd5 Bxd5 30. Rhc1 Rfc8 31. h4 Kf8 32. Nd6 Rd8 33. Nb5 Rd7 34. Nc7 Rad8 35. a5 Bb7 36.
Ra3 bxa5 37. Rb1 Rxc7 38. Rxa5 Re7+ 39. Kd2 a6 40. Ra3 g6 41. Rab3 Bc6 42. Rb6 Bb5 43.
Rb3 Red7 44. Rf6 Rxd3+ 45. Rxd3 Rxd3+ 46. Kc2 Rd4 47. h5 gxh5 48. Rh6 Kg7 49. Rxh5 Rg4 50. Kc3 a5 51. Kb3 Bc4+ 52. Kc3 Be6 53. Kb2 Rg3 54. Kc2 a4 55. Kb2 a3+ 56. Kc2 Rg2+ 57. Kc3 a2 58.
Rh1 Rxg5 59. Kd4 h5 60. Ke3 h4 61. Kf4 Rb5 62. Ra1 Rb1 0-1

[Event "*** Titled Tuesday Blitz"]
[Site "Chess.com"]
[Date "2020.05.26"]
[Round "2"]
[White "Enriquack"]
[Black "Leonid_Starozhilov"]
[Result "1-0"]
[WhiteElo "2330"]
[BlackElo "2665"]
[TimeControl "180+1"]
[EndTime "10:18:39 PDT"]
[Termination "Enriquack won by checkmate"]

1. e4 g6 2. d4 Bg7 3. Nf3 d6 4. Bc4 Nf6 5. Qe2 Nc6 6. h3 e5 7. dxe5 Nxe5 8. Nxe5 dxe5 9. O-O O-O 10. Rd1 Qe7 11. b3 Rd8 12. Ba3 Rxd1+ 13. Qxd1 Qd7 14. Qf3 b5 15. Bf1 Bb7 16. Nc3 a6 17. Rd1 Qc6 18. Nd5 Nxd5 19. exd5 Qd7 20. c4 Rd8 21. Qe3 c6 22. d6 f5 23. Qa7 Bc8 24. Qb6 e4 25.
Bc5 Bf6 26. a4 bxa4 27. bxa4 Qb7 28. Qxb7 Bxb7 29. Rb1 Rd7 30. Bb4 Bd4 31. c5 e3 32.
fxe3 Bxe3+ 33. Kh1 f4 34. Bc4+ Kg7 35. Ba3 h5 36. Be6 Bc8 37. Bxd7 Bxd7 38. Rb7 Kf6 39. Rxd7 g5 40. Ra7 Ke6 41. Rxa6 g4 42. hxg4 hxg4 43. Ra8 Kd7 44. Rg8 g3 45. Rf8 Ke6 46. Bb4 Kd7 47. a5 f3 48. Rxf3 Bxc5 49. Bxc5 Ke6 50.
Rd3 Kd7 51. Kg1 Kc8 52. Kf1 Kb7 53. Ke2 Ka6 54. Kf3 Kb7 55. Kxg3 Ka6 56. Kf4 Kb7 57. g4 Ka6 58. g5 Kb7 59. g6 Ka6 60.
g7 Kb7 61. g8=Q Ka6 62. Qa8+ Kb5 63. Bf2 c5 64. Qb7+ Ka4 65. Qc6+ Kb4 66. Qxc5+ Ka4 67. Ra3# 1-0

[Event "*** Titled Tuesday Blitz"]
[Site "Chess.com"]
[Date "2020.05.26"]
[Round "2"]
[White "jonaszmb"]
[Black "IAgrest"]
[Result "1-0"]
[WhiteElo "2486"]
[BlackElo "2270"]
[TimeControl "180+1"]
[EndTime "10:18:40 PDT"]
[Termination "jonaszmb won by checkmate"]

1. d4 Nf6 2. c4 g6 3. Nf3 Bg7 4. g3 O-O 5. Bg2 d6 6. O-O Nbd7 7. Qc2 a6 8. Rd1 Rb8 9. a4 Qe8 10. Nc3 e5 11. dxe5 dxe5 12. b3 Nc5 13. Ba3 Bf5 14. Qa2 Nfd7 15. Nd5 c6 16. Nb6 Nxb6 17. Bxc5 Nd7 18. Bxf8 Nxf8 19. e3 Bg4 20. h3 Bxf3 21. Bxf3 e4 22. Bg2 Bxa1 23. Qxa1 Qe6 24. Qd4 Re8 25.
a5 h5 26. h4 Re7 27. Qd8 Re8 28. Qb6 Qg4 29. Rd4 Qe2 30. Bf1 Qf3 31. Rd8 Rxd8 32. Qxd8 Kg7 33. Qd4+ Kg8 34. Bg2 Qe2 35. Bxe4 Qe1+ 36.
Kg2 Qxa5 37. Qd6 Qc3 38. Qd3 Qb4 39. f3 Ne6 40. g4 hxg4 41. fxg4 Qa3 42. h5 Qb2+ 43.
Kg3 Qe5+ 44. Kg2 Nc5 45. Qd8+ Kg7 46. h6+ Kxh6 47. Qf8+ Kg5 48. Bf3 Qxe3 49. Qxf7 Qd2+ 50. Kh3 Qe3 51. Qf8 Nd3 52. Qd8+ Kh6 53. Qh8+ Kg5 54. Qh4+ Kf4 55. Qg3+ Kg5 56. Qh4+ Kf4 57. Qf6# 1-0

[Event "*** Titled Tuesday Blitz"]
[Site "Chess.com"]
[Date "2020.05.26"]
[Round "2"]
[White "Jenia84"]
[Black "kleopl"]
[Result "1-0"]
[WhiteElo "2215"]
[BlackElo "2413"]
[TimeControl "180+1"]
[EndTime "10:18:40 PDT"]
[Termination "Jenia84 won by resignation"]

1. Nf3 f5 2. b4 a5 3. bxa5 Rxa5 4.
Bb2 Nf6 5. e3 d6 6. d4 g6 7. Bd3 Bg7 8. Nbd2 O-O 9. O-O b6 10.
Qe2 Ba6 11. Nb3 Bxd3 12. cxd3 Ra8 13. e4 Nh5 14. d5 Nf4 15. Qc2 Bxb2 16. Qxb2 Nxd3 17. Qd2 fxe4 18. Ng5 Nf4 19. g3 h6 20. Nxe4 Nh3+ 21. Kg2 Ng5 22. Nxg5 hxg5 23. Qxg5 Kg7 24. Nd4 Rf6 25. Ne6+ Rxe6 26. dxe6 Ra5 27. Qg4 Nc6 28. Rfe1 Qa8 29. Qf3 Rf5 30. Qe4 Re5 31. Qf3 Rf5 32. Qc3+ Rf6 33. Kg1 Ne5 34. Rxe5 dxe5 35. Qxe5 Qc6 36.
Re1 Qc2 37. Qe2 Qc6 38. h4 Rf5 39. a3 Qc5 40. Qe3 Qc6 41. Qd4+ Kh7 42. Qd7 Qc5 43.
Qd2 Rf6 44. Qe3 Qc6 45. Re2 Qd5 46. Qe4 Qd6 47. a4 Qa3 48. h5 Kg7 49. hxg6 Rxg6 50.
Qe5+ Rf6 51. Kg2 Qd6 52. Qg5+ Rg6 53. Qe3 Qc6+ 54. Qe4 Qxa4 55. Qxa4 1-0

[Event "*** Titled Tuesday Blitz"]
[Site "Chess.com"]
[Date "2020.05.26"]
[Round "2"]
[White "Chessialist"]
[Black "sergiochess83"]
[Result "0-1"]
[WhiteElo "2543"]
[BlackElo "2849"]
[TimeControl "180+1"]
[EndTime "10:18:41 PDT"]
[Termination "sergiochess83 won by resignation"]

1. e4 c6 2. Nc3 d5 3. Nf3 Bg4 4. Be2 Nf6 5. d3 e6 6. h3 Bh5 7.
O-O Be7 8. Bf4 O-O 9. Ne5 Bxe2 10. Qxe2 Nbd7 11. Nxd7 Qxd7 12. Qf3 Rfd8 13. Rad1 b5 14. Bg5 h6 15. Bh4 Nxe4 16. Bxe7 Nxc3 17. Bxd8 Nxd1 18. Bf6 gxf6 19. Rxd1 f5 20. d4 Kh7 21. Qf4 Rg8 22. Rd3 a5 23. Rg3 Rxg3 24. Qxg3 Qa7 25. Qe5 c5 26. c3 b4 27. Qf6 cxd4 28. cxd4 a4 29. h4 Qc7 30. h5 b3 31. axb3 axb3 32. g3 Qc1+ 33. Kg2 Kg8 34. Kf3 Qxb2 35. Qxh6 Qxd4 36.
Qg5+ Kh7 37. Kg2 b2 38. Qe7 b1=Q 39. Qxf7+ Qg7 40. Qe8 Qe4+ 41. Kh2 Qf3 42. Kg1 d4 43. h6 Kxh6 44. Qd8 Qd1+ 45. Kg2 Qdg4 46. Qd6 d3 47.
Qxe6+ Kh7 48. Qd6 Qe4+ 49. Kg1 Qe1+ 50. Kg2 d2 51. Qd3 Qe4+ 52. Qxe4 fxe4 0-1

[Event "*** Titled Tuesday Blitz"]
[Site "Chess.com"]
[Date "2020.05.26"]
[Round "2"]
[White "Twitch_ElhamBlitz05"]
[Black "Pavel_Mir"]
[Result "0-1"]
[WhiteElo "2606"]
[BlackElo "2235"]
[TimeControl "180+1"]
[EndTime "10:18:41 PDT"]
[Termination "Pavel_Mir won by resignation"]

1. e4 e5 2. Nc3 Nc6 3. Bc4 Nf6 4. d3 Bb4 5. Nf3 d6 6. O-O Na5 7. Bb3 Bxc3 8. bxc3 O-O 9. Bg5 h6 10. Bh4 Bg4 11. h3 Bh5 12. g4 Bg6 13. Nd2 Nxb3 14.
axb3 d5 15. f4 Qd6 16. fxe5 Qxe5 17. d4 Qe6 18. Bxf6 gxf6 19. exd5 Qe3+ 20. Kh2 Rae8 21. Rf3 Qe2+ 22. Kg3 Qe7 23. Nc4 b5 24. Ne3 Qd6+ 25.
Kf2 Qh2+ 26. Ng2 Be4 27. Qh1 Qd6 28. Re3 Qxd5 29. Rae1 f5 30. Nf4 Qd6 31. Qg1 Qxf4+ 32. Ke2 Bf3+ 33. Kd2 Rxe3 34. Qxe3 Qxe3+ 35. Rxe3 fxg4 36. hxg4 Bxg4 37. Re7 Rc8 38. Re5 a6 39. Rc5 Kg7 40. c4 bxc4 41. bxc4 h5 42. Ke3 Kf6 43. c3 h4 44. Kf4 Bd7 45. Rh5 h3 46. Rh6+ Kg7 47. Rxa6 h2 48. Ra1 Rh8 49. Rh1 Be6 50. d5 Bc8 51. c5 Bb7 52. c6 Ba6 53. Ke3 Bc4 54.
Kd4 Be2 55. Ke3 Bf1 56. Kf2 Bc4 57. Kg3 Bxd5 58. Rxh2 Rxh2 59. Kxh2 Bxc6 0-1

[Event "*** Titled Tuesday Blitz"]
[Site "Chess.com"]
[Date "2020.05.26"]
[Round "2"]
[White "MilosJi"]
[Black "fabianvivasz"]
[Result "1-0"]
[WhiteElo "2522"]
[BlackElo "2279"]
[TimeControl "180+1"]
[EndTime "10:18:42 PDT"]
[Termination "MilosJi won by resignation"]

1. Nf3 c5 2. c4 Nf6 3. Nc3 d5 4. cxd5 Nxd5 5. g3 Nc6 6. Bg2 Nc7 7.
O-O e5 8. a3 Bd7 9. Rb1 f6 10.
d3 Be7 11. Nd2 O-O 12. b4 cxb4 13. axb4 Rb8 14. b5 Nd4 15. b6 axb6 16. Rxb6 Bc6 17. Bxc6 bxc6 18. Rxb8 Qxb8 19. Nc4 Nd5 20. Bd2 Bb4 21.
Ne4 f5 22. Ng5 h6 23. Nh3 Bxd2 24. Qxd2 f4 25. f3 fxg3 26. hxg3 e4 27. f4 e3 28. Nxe3 Nb3 29. Qb2 Nxe3 30. Rb1 Qc8 31. Nf2 Nc5 32. Qd4 Qe6 33. Qxc5 Nd5 34. Ne4 Qg6 35. Rc1 Nxf4 36. Qe3 Nd5 37. Qc5 Nf4 38. Rc2 Kh7 39. Qxc6 Nxe2+ 40. Kg2 Qh5 41. Nf2 Qg4 42. Qe4+ Qxe4+ 43. Nxe4 Nd4 44. Rc4 Nf5 45. Rc7 Rd8 46. Rc3 Ne3+ 47. Kf3 Nd5 48. Ra3 Kg6 49. Ra6+ Kf5 50. Ra5 Ke5 51. Ra4 g5 52. Nc5 h5 53.
d4+ Kf5 54. Nd3 g4+ 55. Kf2 Ke4 56. Nc5+ Kf5 57. Ra5 h4 58. gxh4 Kf4 59. Ne6+ Ke4 60. Nxd8 Kxd4 61. Rxd5+ 1-0

[Event "*** Titled Tuesday Blitz"]
[Site "Chess.com"]
[Date "2020.05.26"]
[Round "2"]
[White "AcsinteMatei"]
[Black "lrestevez"]
[Result "1-0"]
[WhiteElo "2343"]
[BlackElo "1971"]
[TimeControl "180+1"]
[EndTime "10:18:43 PDT"]
[Termination "AcsinteMatei won on time"]

1. d4 Nf6 2. Bf4 c5 3. e3 e6 4. Nf3 cxd4 5. exd4 Qb6 6. b3 Nd5 7. Bd2 Be7 8. c4 Nf6 9. Nc3 O-O 10. Bd3 d6 11.
O-O a6 12. Rc1 Qd8 13. d5 e5 14. Qc2 Nbd7 15. b4 Re8 16. Rfd1 Nf8 17. Bg5 Bg4 18.
Be2 Ng6 19. h3 Bd7 20. c5 Rc8 21. c6 bxc6 22. Bxa6 Rb8 23. Bxf6 Bxf6 24. a3 Nf4 25. dxc6 Bxc6 26. Ne4 Bxe4 27. Qxe4 d5 28. Qc2 Bg5 29. Qc7 Ne2+ 30. Kf1 Nxc1 31. Qxd8 Rexd8 32. Nxg5 Nb3 33. Nf3 f6 34. Rd3 Nd4 35. Nxd4 exd4 36. Rxd4 Ra8 37. b5 Kf7 38. a4 Ke6 39. Bb7 Rab8 40.
Bc6 Ke5 41. Rd2 Ra8 42. Bxa8 Rxa8 43. Ra2 Kd6 44. Ke2 Kc5 45. Kd3 Kb6 46. Kd4 Ka5 47.
Kxd5 Rd8+ 48. Ke6 Rb8 49. f4 Rb7 50. f5 h6 51. Rd2 Kxa4 52. Rd7 1-0

[Event "*** Titled Tuesday Blitz"]
[Site "Chess.com"]
[Date "2020.05.26"]
[Round "2"]
[White "stolencandy13"]
[Black "Vaathi_Coming"]
[Result "1-0"]
[WhiteElo "2566"]
[BlackElo "2853"]
[TimeControl "180+1"]
[EndTime "10:18:45 PDT"]
[Termination "stolencandy13 won by resignation"]

1. e4 c5 2. Nf3 Nc6 3. d4 cxd4 4. Nxd4 Nf6 5. Nc3 h5 6. Bg5 Qa5 7. Bxf6 gxf6 8. Be2 h4 9. h3 e6 10. Nb5 a6 11. Nd6+ Ke7 12. Qd2 Qe5 13. Rd1 Bh6 14.
Nxc8+ Rhxc8 15. Qxh6 Rg8 16. O-O Rg6 17. Qxh4 Rag8 18.
g3 Nd4 19. Kh2 b5 20. a3 a5 21. Rd2 Nxe2 22. Nxe2 Qxb2 23. Rfd1 Rd8 24. c4 Qxa3 25. e5 Qc5 26. exf6+ Rxf6 27. Nf4 bxc4 28. Nh5 Qe5 29. f4 Qc3 30. Nxf6 Qxf6 31. Qxf6+ Kxf6 32. Rd4 d5 33. Rxc4 Rb8 34. Ra4 Rb2+ 35. Kg1 Rb3 36. Kf2 Rb2+ 37. Kf3 Rb3+ 38. Kf2 Rb2+ 39. Ke3 Rb3+ 40. Rd3 Rb5 41.
g4 Kg6 42. Kf3 Rc5 43. Rda3 Rc1 44. Rxa5 Rc4 45. Ra7 Kf6 46. Ra8 Rb4 47. h4 Rb1 48.
h5 Rf1+ 49. Kg3 Rg1+ 50. Kh3 Rf1 51. g5+ Kf5 52. R3a4 Rh1+ 53. Kg2 Rxh5 54. R8a7 Kg6 55. Kg3 Rh1 56. Rb4 Rg1+ 57. Kf3 Rf1+ 58. Kg2 Rd1 59. Rbb7 f6 60. Rg7+ Kf5 61. Raf7 Kg4 62. gxf6+ Kf5 63.
Re7 Rd2+ 64. Kf3 Rd3+ 65. Ke2 Ra3 66. f7 1-0

[Event "*** Titled Tuesday Blitz"]
[Site "Chess.com"]
[Date "2020.05.26"]
[Round "2"]
[White "rasmussvane"]
[Black "2L8IWUN"]
[Result "1-0"]
[WhiteElo "2846"]
[BlackElo "2541"]
[TimeControl "180+1"]
[EndTime "10:18:45 PDT"]
[Termination "rasmussvane won by resignation"]

1. Nf3 d5 2. g3 Nf6 3. Bg2 g6 4. O-O Bg7 5. c4 O-O 6. cxd5 Nxd5 7. Nc3 c5 8. Qb3 Nc7 9. d3 Nc6 10. Bf4 Ne6 11. Be3 Ned4 12. Bxd4 Nxd4 13. Nxd4 cxd4 14. Na4 Rb8 15. Nc5 b6 16. Ne4 Be6 17. Qa3 Qd7 18.
Ng5 Bd5 19. Bxd5 Qxd5 20. Nf3 Qd7 21. Rfc1 Rfc8 22. Qa6 Rc7 23. a4 Rbc8 24. Rxc7 Rxc7 25. Qb5 Qc8 26. Kg2 Rc5 27. Qb3 e6 28. h4 Qc6 29.
Kg1 h6 30. Nd2 Rc2 31. Rd1 Rc1 32. Rxc1 Qxc1+ 33. Nf1 Qc5 34. Nh2 Bf6 35. Nf3 Kg7 36.
Kg2 Qc6 37. Qb4 g5 38. hxg5 hxg5 39. Kg1 Qd5 40. Nd2 Qe5 41. Ne4 Bd8 42. Kf1 f5 43.
Nd2 Qd5 44. Nf3 Bf6 45. Kg1 g4 46. Nd2 Qe5 47. Kf1 Qd5 48. Ke1 Qh1+ 49. Nf1 Qd5 50. Kd1 Qd7 51. Qc4 Qd6 52. Nd2 f4 53. Ne4 Qe5 54.
gxf4 Qxf4 55. Qxe6 Bg5 56. Qd7+ Kg8 57. Nxg5 Qxg5 58.
Qxd4 g3 59. fxg3 Qxg3 60. Qd5+ Kh8 61. Qe4 Qg1+ 62. Kd2 Qg5+ 63. Kc2 Qc5+ 64. Kb3 Qc1 65. Qd4+ Kg8 66. Qc4+ Qxc4+ 67. Kxc4 1-0